 Dungeon Crawl Stone Soup version 0.29.1-2-gbd0b4ee654 (webtiles) character file.

Game seed: 9824288716014603170

998 Sabo the Chopper (level 8, -3/78 HPs)
             Began as a Troll Fighter on Oct 30, 2022.
             Was an Elder of Lugonu.
             Slain by a gnoll sergeant
             ... wielding a +0 trident
              (6 damage)
             ... on level 5 of the Dungeon.
             The game lasted 00:25:14 (4516 turns).

Sabo the Chopper (Troll Fighter)                    Turns: 4516, Time: 00:25:15

Health: -3/78      AC:  7    Str: 27    XL:     8   Next: 0%
Magic:  7/7        EV:  9    Int:  4    God:    Lugonu [****..]
Gold:   216        SH:  7    Dex:  9    Spells: 7/7 levels left

rFire   . . .      SeeInvis .   a - +0 war axe
rCold   . . .      Faith    .   c - +0 kite shield
rNeg    . . .      Spirit   .   A - +0 troll leather armour {Pargi}
rPois   .          Reflect  .   (helmet restricted)
rElec   .          Harm     .   D - +0 cloak
rCorr   +          Rampage  .   (gloves unavailable)
Will    +....                   (boots unavailable)
Stlth   +.........              (no amulet)
HPRegen 1.83/turn               n - ring of willpower
MPRegen 0.10/turn               e - ring of resist corrosion

@: no status effects
A: large, unfitting armour, claws 3, regeneration 1, shaggy fur 1, tough skin 1
a: Renounce Religion, Depart the Abyss, Bend Space, Banish, Corrupt


You were on level 5 of the Dungeon.
You worshipped Lugonu.
Lugonu was greatly pleased with you.
You visited 1 branch of the dungeon, and saw 5 of its levels.
You also visited: Sewer.

You collected 216 gold pieces.

Inventory:

Hand Weapons
 a - a +0 war axe (weapon)
 y - a +2 vampiric whip
 E - a +0 giant spiked club
Missiles
 k - 13 poisoned darts (quivered)
Armour
 c - a +0 kite shield (worn)
 A - a +0 troll leather armour (worn) {Pargi}
 D - a +0 cloak (worn)
Jewellery
 e - a ring of resist corrosion (right claw)
 m - a ring of ice
 n - a ring of willpower (left claw)
 v - an amulet of magic regeneration
Wands
 j - a wand of flame (15)
Scrolls
 b - a scroll of enchant weapon
 f - a scroll of poison
 g - a scroll of silence
 o - a scroll of magic mapping {unknown}
 p - 4 scrolls of teleportation
 q - a scroll of fog {unknown}
 t - 2 scrolls of noise {unknown}
 z - a scroll of blinking {unknown}
Potions
 d - a potion of heal wounds {unknown}
 h - 4 potions of curing {unknown}
 i - 3 potions of haste {unknown}
 l - a potion of brilliance {unknown}
 r - 2 potions of magic {unknown}
 s - 2 potions of lignification {unknown}
 u - a potion of cancellation {unknown}
 x - a potion of attraction {unknown}
 B - 2 potions of degeneration {unknown}
 C - 2 potions of resistance {unknown}


   Skills:
 + Level 3.6 Fighting
 + Level 5.3 Axes
 + Level 2.3 Armour
 + Level 3.6 Dodging
 + Level 0.5 Stealth
 + Level 4.0 Shields


You had 7 spell levels left.
You didn't know any spells.
Your spell library contained the following spells:

 Spells                   Type           Power      Damage    Failure   Level
 Apportation              Tloc           0%         N/A       83%         1
 Necrotise                Necr           0%         1d4       83%         1
 Summon Small Mammal      Summ           0%         N/A       83%         1
 Ensorcelled Hibernation  Hex/Ice        0%         N/A       92%         2
 Passwall                 Tmut/Erth      0%         N/A       92%         2
 Confusing Touch          Hex            0%         N/A       99%         3
 Swiftness                Air            0%         N/A       99%         3
 Yara's Violent Unravell  Hex/Tmut       0%         3d3       100%        5
 Enfeeble                 Hex            0%         N/A       100%        7


Dungeon Overview and Level Annotations

Branches:
Dungeon (5/15)             Temple (0/1) D:5           Sewer (visited)

Altars:
Nemelex Xobeh
Uskayaw
Wu Jian
Lugonu


Innate Abilities, Weirdness & Mutations

You are too large for most types of armour.
You have claws for hands.
Your natural rate of healing is unusually fast.
You are covered in fur. (AC +1)
You have tough skin. (AC +1)


Message History

You slash the gnoll sergeant!
The gnoll sergeant is severely wounded.
The gnoll hits you but does no damage.
The gnoll sergeant hits you with a +0 trident!
The gnoll sergeant barely misses you.
The gnoll hits you from afar with a +0 halberd!
* * * LOW HITPOINT WARNING * * *
You barely miss the gnoll sergeant.
The gnoll sergeant is severely wounded.
The gnoll hits you from afar with a +0 halberd.
* * * LOW HITPOINT WARNING * * *
You block the gnoll sergeant's attack.
You hit the gnoll sergeant but do no damage.
The gnoll sergeant is severely wounded.
The gnoll hits you but does no damage. The gnoll sergeant barely misses you.
The gnoll sergeant hits you with a +0 trident.
* * * LOW HITPOINT WARNING * * *
You block the gnoll's attack.
You hit the gnoll sergeant.
The gnoll sergeant is almost dead.
The gnoll hits you from afar with a +0 halberd.
* * * LOW HITPOINT WARNING * * *
You block the gnoll sergeant's attack.
You barely miss the gnoll sergeant.
The gnoll sergeant is almost dead.
The gnoll hits you but does no damage. You block the gnoll sergeant's attack.
You closely miss the gnoll sergeant.
The gnoll sergeant is almost dead.
The gnoll misses you.
The gnoll sergeant hits you with a +0 trident!
* * * LOW HITPOINT WARNING * * *
The gnoll hits you from afar with a +0 halberd.
* * * LOW HITPOINT WARNING * * *
The gnoll sergeant hits you but does no damage.
You hit the gnoll sergeant but do no damage.
The gnoll sergeant is almost dead.
The gnoll hits you from afar with a +0 halberd!
* * * LOW HITPOINT WARNING * * *
The gnoll sergeant hits you with a +0 trident.
You die...

#.#......##..#
#.######## #..
#.# ## #.#
#####.#
#.....#
#.##### #.#
#@# #.ggg5...
#########


You could see a gnoll sergeant, 2 gnolls and an ufetubus.

Vanquished Creatures
  The ghost of erofeev the Cudgeller, an amateur GrMo (D:4)
  Pargi (Sewer)
  An ogre (D:4)
  A phantom (D:5)
  A necrophage (D:5)
  2 scorpions (D:5)
  A water moccasin skeleton (D:4)
  A centaur zombie (D:4)
  A hound (D:4)
  An orc priest (D:3)
  A centaur skeleton (D:4)
  An iguana (D:4)
  An orc wizard (D:3)
  Ijyb (D:3)
  Robin (D:3)
  A gnoll (D:5)
  6 adders
  An ufetubus (D:5)
  A worm (D:2)
  2 dart slugs
  17 orcs
  9 endoplasms
  8 giant cockroaches
  18 goblins
  6 hobgoblins
  5 jackals
  4 quokkas
  9 ball pythons
  4 bats
  6 frilled lizards
  9 kobolds
  A rat (D:3)
123 creatures vanquished.

Notes
Turn   | Place    | Note
-------+----------+-------------------------------------------
     0 | D:1      | Sabo the Troll Fighter began the quest for the Orb.
     0 | D:1      | Reached XP level 1. HP: 22/22 MP: 0/0
   200 | D:1      | Reached XP level 2. HP: 29/29 MP: 1/1
  1549 | D:2      | Reached XP level 3. HP: 36/36 MP: 2/2
  1872 | D:2      | Reached skill level 2 in Axes
  1939 | D:2      | Found a faded altar of an unknown god.
  1943 | D:2      | Prayed at the altar of an unknown god.
  1943 | D:2      | Became a worshipper of Lugonu the Unformed
  1943 | D:2      | Reached * piety under Lugonu
  1943 | D:2      | Reached ** piety under Lugonu
  2025 | D:2      | You fall into a shaft and drop 2 floors!
  2067 | D:4      | Found a runed translucent gate.
  2067 | D:4      | Found a runed translucent gate.
  2069 | D:4      | Found a runed translucent gate.
  2073 | D:4      | Noticed erofeev's ghost (amateur GrMo)
  2115 | D:3      | Reached XP level 4. HP: 36/44 MP: 3/3
  2176 | D:3      | Found a glowing drain.
  2200 | D:3      | Reached skill level 3 in Axes
  2234 | D:3      | Noticed Robin
  2235 | D:3      | Noticed Ijyb
  2239 | D:3      | Killed Robin
  2240 | D:3      | Reached XP level 5. HP: 50/52 MP: 4/4
  2240 | D:3      | Reached *** piety under Lugonu
  2256 | D:3      | Killed Ijyb
  2287 | Sewer    | Entered a sewer
  2415 | Sewer    | Noticed Pargi
  2432 | Sewer    | Killed Pargi
  2433 | Sewer    | Reached XP level 6. HP: 34/61 MP: 5/5
  2721 | D:3      | Found a hide-covered altar of Uskayaw.
  2743 | D:3      | Identified the +1 ring mail "Oluuch" {*Corrode MP+9 Str+3
                  | Stlth+}
  2893 | D:3      | Reached skill level 4 in Axes
  3686 | D:4      | Identified the +0 leather armour "Zuocacre" {Str+4 Stlth+}
  3721 | D:4      | Found a sparkling altar of Nemelex Xobeh.
  3818 | D:4      | Found an ornate altar of the Wu Jian Council.
  3912 | D:4      | Reached skill level 1 in Armour
  4189 | D:4      | Reached XP level 7. HP: 67/67 MP: 6/6
  4193 | D:4      | Killed erofeev's ghost
  4229 | D:5      | Entered Level 5 of the Dungeon
  4376 | D:5      | Reached skill level 5 in Axes
  4388 | D:5      | Reached **** piety under Lugonu
  4413 | D:5      | Found a staircase to the Ecumenical Temple.
  4501 | D:5      | Reached XP level 8. HP: 63/78 MP: 7/7
  4516 | D:5      | HP: 3/78 [gnoll/+0 halberd[a gnoll sergeant] (9)]
  4516 | D:5      | Slain by a gnoll sergeant

Illustrated notes

Levels and vault maps discovered:
D:1:      nzn_arrival_crosshair, layout_basic, minmay_misc_feat_x
D:2:      layout_basic, hellmonk_ecumenical_altar_heavens_door
D:3:      layout_loops_cross, amcnicky_altar_gilded, gup_sewer_entry_glass,
          uniq_ijyb, uniq_robin
D:4:      layout_rooms, nemelex_spade_bored_becter, kennysheep_little_box,
          gammafunk_ghost_necromancy
D:5:      layout_basic, minmay_temple_entry_gardened_gates, serial_shops,
          nicolae_shop_bloodbath_and_beyond

Skill      XL: |  1  2  3  4  5  6  7 |
---------------+----------------------+-----
Shields        | 3 4 |  4.0
Axes           | 2 3 4 5 |  5.3
Fighting       | 3 |  3.6
Dodging        | 3 |  3.6
Armour         | 1 2 |  2.3
Stealth        | |  0.5

Action                   |  1- 3 |  4- 6 |  7- 9 || total
-------------------------+-------+-------+-------++-------
Melee: War axe           |   118 |   183 |    59 ||   360
  Use: Scroll            |     2 |     5 |       ||     7
       Potion            |       |     1 |       ||     1
 Stab: Distracted        |     1 |       |       ||     1
Armor: Robe              |    51 |    24 |       ||    75
       Animal skin       |       |    42 |       ||    42
       Troll leather arm |       |    35 |    27 ||    62
Dodge: Dodged            |    46 |    80 |    28 ||   154
Block: Kite shield       |    53 |   103 |    29 ||   185
